 Dungeon Crawl Stone Soup version 0.19.1 (webtiles) character file.

497 syranez the Insei (level 7, -1/45 HPs)
             Began as an Octopode Transmuter on Nov 24, 2016.
             Was a Believer of Makhleb.
             Slain by a gnoll
             ... wielding a +0 halberd
              (2 damage)
             ... on level 3 of the Dungeon.
             The game lasted 00:12:45 (4287 turns).

syranez the Insei (Octopode Transmuter)             Turns: 4287, Time: 00:12:46

Health: -1/45      AC:  1    Str: 11    XL:     7   Next: 16%
Magic:  2/12       EV: 15    Int: 15    God:    Makhleb [**....]
Gold:   112        SH:  0    Dex: 13    Spells: 4 memorised, 2 levels left

rFire  . . .     SeeInvis .       - Unarmed
rCold  . . .     Gourm    .     (no shield)
rNeg   + . .     Faith    .     (helmet restricted)
rPois  .         Spirit   .     (no amulet)
rElec  .         Reflect  .     i - ring of stealth
rCorr  .         Harm     .     q - ring of positive energy
MR     .....                    (no ring)
Stlth  +++.......               (no ring)
                                (no ring)
                                (no ring)
                                (no ring)
                                (no ring)

@: very slightly contaminated
A: almost no armour, stealthy swim, amphibious, 8 rings, constrict 8, camouflage
1, gelatinous body 1
a: Minor Destruction, Renounce Religion


You were on level 3 of the Dungeon.
You worshipped Makhleb.
Makhleb was pleased with you.
You were hungry.

You visited 1 branch of the dungeon, and saw 3 of its levels.
You also visited: Sewer.

You collected 112 gold pieces.

Inventory:

Missiles
 a - 71 arrows
Jewellery
 i - a ring of stealth (left tentacle)
 q - a ring of positive energy (right tentacle)
Scrolls
 d - a scroll of recharging
 e - a scroll of fear {unknown}
 h - 10 scrolls of identify {unknown}
 k - 2 scrolls of immolation {unknown}
 l - 2 scrolls of fog {unknown}
 m - a scroll of enchant armour
 o - 2 scrolls of enchant weapon {unknown}
 r - 5 scrolls of teleportation {unknown}
 s - 2 scrolls of amnesia {unknown}
 u - 2 scrolls of random uselessness {unknown}
 v - a scroll of blinking {unknown}
Potions
 t - 4 potions of flight
Books
 b - a book of Changes

   Spells                             Type                      Level
   a - Beastly Appendage              Transmutation                1
   b - Sticks to Snakes               Transmutation                2
   c - Spider Form                    Transmutation/Poison         3
   d - Ice Form                       Ice/Transmutation            4
   e - Blade Hands                    Transmutation                5
Comestibles
 c - 2 bread rations
 n - 2 meat rations


   Skills:
 + Level 2.9 Fighting
 + Level 3.8 Dodging
 + Level 4.5 Unarmed Combat
 + Level 3.4 Spellcasting
 + Level 3.7 Transmutations


You had 2 spell levels left.
You knew the following spells:

 Your Spells              Type           Power        Failure   Level  Hunger
a - Beastly Appendage     Tmut           ##....       4%          1    None
b - Sticks to Snakes      Tmut           ##......     8%          2    ##.....
c - Spider Form           Tmut/Pois      #.........   30%         3    ###....
d - Ice Form              Ice/Tmut       #.......     87%         4    ####...


Dungeon Overview and Level Annotations

Branches:
Dungeon (3/15)

Altars:
Makhleb


Innate Abilities, Weirdness & Mutations

You cannot wear most types of armour.
You are very stealthy in the water. (Stealth+)
You are amphibious.
You can wear up to eight rings at the same time.
You can use your tentacles to constrict eight enemies at once.
Your skin changes colour to match your surroundings (Stealth+).
Your rubbery body absorbs attacks. (AC +1, EV +1)


Message History

Press: ? - help, Shift-Dir - straight line, f - hobgoblin
Aim: a hobgoblin, wielding a club The puff of flame hits the hobgoblin.
The hobgoblin is severely wounded.
You tentacle-slap the hobgoblin.
You kill the hobgoblin!
Makhleb accepts your kill.
You feel better.
The gnoll hits you from afar with a halberd!
* * * LOW HITPOINT WARNING * * *
You don't have enough health at the moment.
As you read the scroll labeled EFECSY RETEH, it crumbles to dust.
It is a scroll of recharging.
You aren't carrying any rechargeable items.
As you read the scroll labeled ZUCEYVV FONKUS, it crumbles to dust.
It is a scroll of enchant armour.
You aren't carrying any armour which can be enchanted further.
The gnoll barely misses you.
The gnoll hits you from afar with a halberd.
You die...

...........((.......(((..........
.................................
≈≈≈≈.≈≈.≈≈≈....≈≈.≈.≈≈≈≈..≈.≈≈.≈≈
≈≈≈≈≈≈≈≈≈≈≈.....≈≈≈≈≈≈≈≈≈≈≈≈≈≈≈≈≈
≈≈≈≈≈≈≈≈≈≈≈....≈≈≈≈≈≈≈≈≈≈≈≈≈≈≈≈≈≈
≈≈≈≈≈≈≈≈≈≈.....≈≈≈≈≈≈≈≈≈≈≈≈≈≈≈≈≈≈
############('###################
..#)......#....#..g...)#.........
..')......#....#@.g)...).........
..#########....#########.........
.........#......#........(.######
.........'......'..........#
.........#......#.......)..######
..#########....#########().......
..'....)..#....#((..)..))........
..#.......#....#......(#(........
#################################


You could see 2 gnolls.

Vanquished Creatures
  4 big kobolds (D:3)
  A bullfrog skeleton (D:3)
  A gnoll (D:3)
  An adder (D:3)
  3 oozes (Sewer)
  5 worms
  A dart slug (D:1)
  7 leopard geckos
  2 orcs (D:3)
  12 giant cockroaches
  7 hobgoblins
  6 jackals
  A ball python (D:1)
  18 bats
  7 frilled lizards
  7 goblins
  37 kobolds
  9 rats
129 creatures vanquished.

Vanquished Creatures (collateral kills)
  A big kobold (D:3)
  A goblin (D:1)
  2 hobgoblins
  4 kobolds (D:3)
  A ball python (Sewer)
  A bat (Sewer)
10 creatures vanquished.

Grand Total: 139 creatures vanquished

Notes
Turn   | Place    | Note
-------+----------+-------------------------------------------
     0 | D:1      | syranez the Octopode Transmuter began the quest for the Orb.
     0 | D:1      | Reached XP level 1. HP: 13/13 MP: 3/3
   198 | D:1      | Reached XP level 2. HP: 15/18 MP: 5/5
   250 | D:1      | Learned a level 2 spell: Sticks to Snakes
   550 | D:1      | Reached XP level 3. HP: 23/23 MP: 6/6
   556 | D:1      | Learned a level 3 spell: Spider Form
   898 | D:2      | Found a faded altar of an unknown god.
  1482 | D:2      | Found a burning altar of Makhleb.
  1487 | D:2      | Became a worshipper of Makhleb the Destroyer
  2006 | D:3      | Reached XP level 4. HP: 22/28 MP: 7/7
  2123 | D:3      | Noticed a big kobold
  2352 | D:3      | Found a glowing drain.
  2359 | Sewer    | Entered a sewer
  2594 | Sewer    | Reached * piety under Makhleb
  2706 | Sewer    | Reached XP level 5. HP: 32/34 MP: 9/9
  3574 | D:3      | Killed a big kobold
  3574 | D:3      | Reached skill level 4 in Unarmed Combat
  3639 | D:3      | Learned a level 4 spell: Ice Form
  3653 | D:3      | Reached XP level 6. HP: 39/39 MP: 10/10
  3837 | D:3      | Reached ** piety under Makhleb
  3995 | D:3      | HP: 1/41 [big kobold/club (9)]
  4001 | D:3      | Reached XP level 7. HP: 14/45 MP: 5/12
  4283 | D:3      | HP: 1/45 [gnoll/halberd (17)]
  4287 | D:3      | Slain by a gnoll

Skill      XL: |  1  2  3  4  5 |
---------------+----------------+-----
Dodging        | 3 |  3.8
Fighting       | 2 |  2.9
Unarmed Combat | 4 |  4.5
Spellcasting   | 3 |  3.4
Transmutations | 3 |  3.7

Action                   |  1- 3 |  4- 6 |  7- 9 || total
-------------------------+-------+-------+-------++-------
Melee: Unarmed           |   109 |   208 |    21 ||   338
       Constrict         |    33 |    47 |     5 ||    85
       Tentacles         |    16 |    38 |     1 ||    55
       Punch             |     5 |     4 |       ||     9
 Cast: Sticks to Snakes  |     4 |     8 |       ||    12
Invok: Minor Destruction |       |       |     3 ||     3
  Use: Potion            |       |     3 |       ||     3
       Scroll            |       |       |     2 ||     2
 Stab: Sleeping          |    12 |     5 |       ||    17
       Invisible         |       |     1 |     1 ||     2
  Eat: Chunk             |     4 |     6 |       ||    10
       Pizza             |       |       |     1 ||     1
Armor: Skin              |    11 |    19 |     1 ||    31
Dodge: Dodged            |    69 |   158 |    32 ||   259
